 Dungeon Crawl Stone Soup version 0.31-a0-1405-g2bb1a01664 (webtiles) character file.

Game seed: 14440170842360101132

17 jjjjhere the Ruffian (level 2, 0/21 HPs)
             Began as a Demonspawn Shapeshifter on Dec 25, 2023.
             Slain by a gnoll
             ... wielding a +0 spear
              (6 damage)
             ... on level 1 of the Dungeon.
             The game lasted 00:02:02 (741 turns).

jjjjhere the Ruffian (Demonspawn Shapeshifter)       Turns: 741, Time: 00:02:03

Health: 0/21       AC:  2    Str: 14    XL:     2   Next: 44%
Magic:  2/2        EV: 12    Int: 10    God:
Gold:   11         SH:  0    Dex: 12    Spells: 1/1 levels left

rFire   . .          .
                       - Unarmed
rCold   . . .        (no shield)
rNeg    . . .        a - +0 animal skin
rPois   .            (helmet currently unavailable)
rElec   .            (cloak currently unavailable)
rCorr   .            (gloves currently unavailable)
SInv    .            (boots currently unavailable)
Will    .....        (no amulet)
Stlth   +            (no ring)
HPRegen 0.23/turn    (no ring)
MPRegen 0.08/turn

%: no passive effects
@: beast-form
A: beast (slay +1), hooves 1
a: Begin Untransformation


You were on level 1 of the Dungeon.
You were a hulking beast.
You visited 1 branch of the dungeon, and saw 1 of its levels.

You collected 11 gold pieces.

Inventory:

Missiles
 f - 2 javelins (quivered)
Armour
 a - a +0 animal skin (worn)
 g - a +0 pair of boots
 i - a +0 pair of gloves
Talismans
 c - a beast talisman
 d - a flux talisman
 h - a maw talisman
Scrolls
 e - a scroll of revelation {unknown}
Potions
 b - a potion of lignification
 j - a potion of brilliance {unknown}


   Skills:
 - Level 1.0 Fighting
 - Level 1.7 Dodging
 + Level 3.1 Unarmed Combat
 + Level 3.0 Shapeshifting


You had one spell level left.
You didn't know any spells.
Your spell library was empty.

Dungeon Overview and Level Annotations

Branches:
Dungeon (1/15)

Altars:


Innate Abilities, Weirdness & Mutations

You are a hulking beast.
Your limbs bulge with bestial killing power. (Slay +1)
You have large cloven feet.


Message History

No target in view!
An endoplasm comes into view.
An endoplasm is nearby!
The helpless endoplasm fails to defend itself.
You hit the endoplasm. You kick the endoplasm.
You kill the endoplasm!
No target in view!
Found a stone staircase leading down.
j - a golden potion Key pressed, stopping explore.
You open the door.
There is an open door here.
A gnoll comes into view. It is wielding a +0 spear.
The gnoll shouts!
The gnoll closely misses you. The gnoll closely misses you.
Throw: 5 javelins
Press: ? - help, Q - select action Shift-Dir - straight line, f - gnoll
Aim: a gnoll, wielding a +0 spear (60% to hit)
You throw a javelin. The javelin pierces through the gnoll.
The gnoll is heavily wounded.
The gnoll hits you from afar with a +0 spear.
Throw: 4 javelins
Press: ? - help, Q - select action Shift-Dir - straight line, f/p - gnoll
Aim: a gnoll, wielding a +0 spear (heavily wounded, 58% to hit)
You throw a javelin.
The javelin pierces through the gnoll but does no damage.
The gnoll is heavily wounded.
The gnoll misses you.
Throw: 3 javelins
Press: ? - help, Q - select action Shift-Dir - straight line, f/p - gnoll
Aim: a gnoll, wielding a +0 spear (heavily wounded, 58% to hit)
You throw a javelin. The javelin barely misses the gnoll.
The gnoll hits you from afar with a +0 spear. x2
The gnoll hits you with a +0 spear!
* * * LOW HITPOINT WARNING * * *
You hit the gnoll.
The gnoll is heavily wounded.
The gnoll hits you with a +0 spear.
You die...

####### ####.##. #.....# #.......
##############..(..#######.#...#.
............##....... ...........
###.........##.....# #####...#.
#..###.#..##.....# ##.##.
#..###.#..# #.# #.### #..#...#..#
#g# #.# #..#.###..#
#h############'## #.........#
#..........##...## #........##
#..#######.#.....# # ###..#####
#......# #.)......
####...##########.....###.†......
'...†............[......+........
##.......######.........#........
##.......# #.#................
#.......# #.#####.#.###.....#


You could see a gnoll.

Vanquished Creatures
  2 ball pythons (D:1)
  2 endoplasms (D:1)
  A giant cockroach (D:1)
  2 goblins (D:1)
  2 hobgoblins (D:1)
  2 quokkas (D:1)
  3 bats (D:1)
  A frilled lizard (D:1)
15 creatures vanquished.

Notes
Turn   | Place    | Note
-------+----------+-------------------------------------------
     0 | D:1      | jjjjhere the Demonspawn Shapeshifter began the quest for
                  | the Orb.
     0 | D:1      | Reached XP level 1. HP: 15/15 MP: 1/1
   379 | D:1      | Gained mutation: You have large cloven feet. [demonic
                  | ancestry]
   379 | D:1      | Reached XP level 2. HP: 21/21 MP: 2/2
   740 | D:1      | HP: 5/21 [gnoll/+0 spear (8)]
   741 | D:1      | Slain by a gnoll

Illustrated notes

Levels and vault maps discovered:
D:1:      amcnicky_arrival_gap_in_the_tavern_cellar, layout_loops_corners

Skill      XL: |  1  2 |
---------------+-------+-----
Unarmed Combat | 3 |  3.1
Shapeshifting  | 3 |  3.0
Fighting       | |  1.0
Dodging        | |  1.7

Action                     || total
---------------------------++-------
  Melee: Unarmed           ||    53
         Kick              ||     3
  Throw: Javelin           ||     6
   Stab: Sleeping          ||     2
 Armour: Animal skin       ||    29
  Dodge: Dodged            ||    36

Table legend: (Time is in decaauts)
 A = Elapsed time spent in this place.
 B = Non-inter-level travel time spent in this place.
 C = Inter-level travel time spent in this place.
 D = Time resting spent in this place.
 E = Time spent auto-exploring this place.
 F = Levels seen in this place.
 G = Mean time per level.
                   A        B        C        D        E       F      G
               +--------+--------+--------+--------+--------+-----+--------+
         Total |    741 |    741 |      0 |     79 |    496 |   1 |  741.0 |
       Dungeon |    741 |    741 |      0 |     79 |    496 |   1 |  741.0 |
               +--------+--------+--------+--------+--------+-----+--------+

Top non-repeatable levels by time:
     D:1: 741 daAuts
